Map: Thunderbird LE

Players

TIME (Oliveira)

  • Race: Terran Terran
  • Spawn Location: 5:00

Maru - Winner!

  • Race: Terran Terran
  • Spawn Location: 11:00

Event: 2019 WCS Global FInals

VOD

Have the link to the VOD?

Description

Time

  • Played on: Oct. 25, 2019, 4:19 a.m.
  • Length: 23:19

All games in this series

Show
View Real Time Build Order
Export as new Build Order

TIME Terran 

Build Orders:  

Get SALT Encoding   

  12  0:00  SCV  
  13  0:12  SCV  
  14  0:17  Supply Depot  
  14  0:25  SCV  
  15  0:39  SCV  
  15  0:40  Barracks  
  16  0:43  Refinery  
  16  0:51  SCV  
  17  0:59  Barracks  
  17  1:03  SCV  
  18  1:15  SCV  
  19  1:27  Reaper  
  19  1:28  Orbital Command  
  20  1:34  Supply Depot  
  20  1:47  Reaper  
  20  1:54  SCV  
  22  2:04  Reaper  
  23  2:12  Command Center  
  23  2:13  SCV  
  24  2:20  Refinery  
  24  2:21  Marine  
  25  2:26  SCV  
  25  2:38  SCV  
  25  2:41  Factory  
  26  2:50  SCV  
  27  3:02  SCV  
  28  3:07  Barracks Reactor  
  28  3:14  SCV  
  29  3:22  Command Center  
  29  3:25  Orbital Command  
  29  3:28  Factory Tech Lab  
  29  3:29  SCV  
  30  3:36  Starport  
  30  3:41  SCV  
  30  3:47  Cyclone  
  34  3:51  SCV  
  34  3:53  Marine  
  34  3:54  Marine  
  37  3:56  SCV  
  38  4:03  SCV  
  38  4:04  Refinery  
  38  4:08  Barracks Tech Lab, SCV  
  40  4:15  Supply Depot, SCV  
  41  4:20  SCV  
  41  4:23  Raven  
  44  4:25  Marine  
  44  4:27  SCV  
  46  4:32  Stimpack  
  46  4:34  Marine x2, SCV  
  46  4:37  Supply Depot, Factory Tech Lab  
  49  4:41  SCV, Orbital Command  
  49  4:45  Marine  
  51  4:46  SCV  
  51  4:50  Supply Depot  
  51  4:51  Marine  
  53  4:53  SCV  
  53  4:57  Siege Tank, Marine, Orbital Command  
  58  5:02  SCV  
  58  5:05  SCV  
  60  5:08  Barracks  
  60  5:13  Marine  
  61  5:15  SCV  
  61  5:16  Marine  
  61  5:18  Starport Reactor, SCV  
  64  5:22  Marine  
  64  5:24  Supply Depot  
  64  5:25  SCV  
  64  5:27  SCV  
  67  5:29  Siege Tank  
  67  5:30  SCV  
  67  5:31  Marine  
  67  5:34  Marine  
  73  5:37  SCV  
  73  5:39  SCV  
  73  5:40  Marine  
  73  5:42  SCV  
  77  5:43  Engineering Bay x2  
  77  5:47  Refinery  
  77  5:49  Marine, SCV  
  79  5:51  SCV  
  79  5:52  Supply Depot  
  79  5:54  SCV  
  79  5:56  Medivac x2, Barracks Reactor  
  85  5:59  Supply Depot  
  85  6:01  Marine, SCV  
  85  6:03  Marine  
  85  6:04  SCV  
  89  6:06  SCV  
  89  6:07  Marine  
  91  6:12  Terran Infantry Weapons Level 1  
  91  6:14  Siege Tank  
  91  6:16  Supply Depot, SCV  
  95  6:19  Marine  
  95  6:20  Terran Infantry Armor Level 1  
  95  6:21  SCV  
  95  6:22  SCV  
  95  6:24  Marine  
  99  6:30  Marine  
  99  6:31  Combat Shield  
  99  6:32  SCV  
  101  6:33  SCV  
  101  6:34  SCV  
  101  6:36  Marine x2  
  101  6:39  Supply Depot  
  105  6:42  Barracks  
  105  6:43  Barracks  
  105  6:45  SCV  
  105  6:46  Marine, SCV  
  108  6:47  Supply Depot, Marine  
  108  6:49  Marine  
  108  6:51  SCV  
  110  6:54  Marine x2  
  110  6:57  SCV  
  110  6:58  Siege Tank  
  110  6:59  SCV  
  110  7:01  Medivac  
  119  7:03  SCV  
  119  7:06  Marine  
  121  7:09  SCV  
  121  7:11  Marine x2  
  124  7:21  Marine  
  124  7:22  Marine  
  115  7:23  Medivac  
  115  7:24  Marine, SCV  
  115  7:25  SCV  
  115  7:27  SCV  
  115  7:29  Marine x2  
  120  7:32  Refinery x2, Barracks Reactor x2  
  120  7:33  Armory  
  120  7:35  Siege Tank  
  121  7:39  Command Center  
  121  7:40  Marine  
  121  7:41  Medivac  
  121  7:42  Marine  
  121  7:43  SCV  
  126  7:45  Marine  
  126  7:48  SCV  
  128  7:53  Supply Depot  
  128  7:55  Marine  
  128  7:56  Marine  
  130  7:59  Marine  
  131  8:05  Marine  
  131  8:09  Marine  
  133  8:14  Siege Tank  
  133  8:17  Supply Depot  
  133  8:18  Marine  
  133  8:19  Supply Depot  
  141  8:20  Supply Depot  
  141  8:21  Supply Depot  
  141  8:27  Marine x3  
  141  8:29  SCV  
  141  8:30  Terran Infantry Armor Level 2, Terran Infantry Weapons Level 2  
  141  8:32  Viking, Marine x3, SCV  
  149  8:35  Factory  
  149  8:36  Supply Depot  
  149  8:40  Marine  
  149  8:41  Marine x2  
  151  8:45  Marine x2, SCV  
  155  8:49  Marine  
  155  8:50  Siege Tank  
  155  8:51  SCV  
  155  8:52  Planetary Fortress, Factory  
  155  8:53  Supply Depot  
  155  8:54  Marine x2, Refinery  
  162  8:56  Refinery  
  162  8:58  Marine x2  
  162  9:00  Sensor Tower, Marine x2  
  164  9:04  SCV x3  
  167  9:17  Marine  
  167  9:23  Marine  
  167  9:24  Marine  
  169  9:25  Siege Tank, Marine  
  169  9:26  Marine x2  
  169  9:27  Marine  
  169  9:30  Viking  
  169  9:31  Viking  
  181  9:33  Marine  
  181  9:36  Command Center  
  181  9:37  SCV  
  183  9:40  Marine  
  183  9:41  Sensor Tower  
  183  9:42  Starport  
  183  9:43  Starport  
  184  9:49  Siege Tank, Missile Turret  
  184  9:50  Missile Turret  
  184  9:52  Marine  
  187  9:55  Marine x2  
  187  9:59  Terran Vehicle Weapons Level 1  
  190  10:00  Siege Tank  
  193  10:10  Marine  
  193  10:11  Marine  
  193  10:12  Marine  
  193  10:13  Marine  
  197  10:20  Viking  
  198  10:23  Marine x2  
  200  10:29  Command Center  
  200  10:33  Siege Tank, Marine  
  197  10:35  Marine  
  197  10:37  Marine x2  
  197  10:41  Orbital Command  
  181  10:55  Marine x2  
  181  10:57  Marine x4  
  117  10:58  Viking, Marine  
  117  10:59  Viking  
  117  11:00  Starport Tech Lab, Siege Tank  
  117  11:01  Starport Reactor  
  119  11:06  Marine x2  
  119  11:08  Siege Tank  
  121  11:12  Marine  
  121  11:13  Marine  
  121  11:14  Marine x2  
  121  11:17  Terran Infantry Weapons Level 3  
  121  11:18  Terran Infantry Armor Level 3  
  125  11:19  Armory  
  125  11:23  Command Center  
  125  11:24  Marine x3  
  128  11:26  Raven, Corvid Reactor  
  128  11:31  Viking x2  
  128  11:32  Marine  
  135  11:35  Siege Tank  
  135  11:37  Marine x2  
  135  11:38  Marine  
  141  11:42  Viking  
  143  11:48  Planetary Fortress, Viking  
  143  11:53  Refinery x2, Terran Ship Weapons Level 1, Orbital Command  
  145  11:56  Marine x3  
  145  11:57  Marine x4  
  152  12:02  Viking  
  152  12:03  Viking  
  156  12:10  Raven  
  156  12:11  Siege Tank  
  156  12:12  Marine x2  
  156  12:14  Viking, Marine x2  
  167  12:16  Terran Vehicle And Ship Armor Level 1  
  167  12:20  Viking, Missile Turret  
  167  12:21  Marine  
  169  12:26  Siege Tank, Marine x2  
  169  12:27  Marine  
  175  12:32  Medivac  
  175  12:33  Medivac  
  179  12:37  Liberator  
  179  12:39  Marine x2  
  179  12:44  Marine x2  
  182  12:46  Orbital Command  
  182  12:49  Siege Tank, Marine x2  
  182  12:50  Missile Turret x2  
  188  12:51  Marine x2  
  188  12:53  Medivac x2  
  188  12:56  Marine  
  188  12:57  Marine  
  199  13:05  Starport  
  199  13:06  Starport x2  
  199  13:08  Fusion Core  
  197  13:26  Marine  
  197  13:27  Marine x3  
  199  13:37  Missile Turret  
  198  13:41  Marine  
  198  13:43  Command Center  
  199  13:53  Terran Ship Weapons Level 2  
  199  14:00  Marine  
  200  14:22  Starport Tech Lab  
  200  14:23  Starport Tech Lab x2  
  197  14:33  Marine  
  198  14:46  Marine, Terran Vehicle And Ship Armor Level 2  
  198  14:48  Weapon Refit  
  199  14:53  Command Center  
  192  15:02  Marine  
  189  15:18  Marine  
  179  15:22  Battlecruiser  
  179  15:23  Battlecruiser x2  
  194  15:33  Marine  
  187  15:46  Marine  
  187  15:47  Siege Tank  
  187  15:49  Marine  
  163  15:50  Siege Tank, Marine  
  163  15:51  Marine x4  
  163  15:52  Viking x5  
  163  15:55  Marine  
  162  16:00  Marine  
  162  16:03  Hi-Sec Auto Tracking, Neosteel Armor  
  163  16:05  Marine  
  163  16:07  Marine  
  163  16:08  Marine  
  163  16:10  Terran Ship Weapons Level 3  
  163  16:11  Marine  
  166  16:16  Marine  
  166  16:17  Marine  
  169  16:20  Marine  
  169  16:22  Raven  
  172  16:26  Raven x2  
  172  16:27  Raven, Viking x2  
  172  16:28  Marine  
  167  16:41  Marine  
  167  16:42  Marine x2  
  135  16:49  Viking x2  
  135  16:51  Marine  
  126  16:59  Marine x2  
  126  17:00  Viking x2, Siege Tank  
  126  17:01  Siege Tank  
  138  17:05  Raven  
  138  17:08  Marine  
  140  17:09  Raven, Battlecruiser  
  140  17:13  Refinery  
  150  17:18  Marine  
  150  17:29  Terran Vehicle And Ship Armor Level 3  
  150  17:37  Planetary Fortress  
  150  17:39  Marine  
  150  17:42  Marine  
  152  17:45  Raven  
  152  17:51  Marine  
  155  17:52  Missile Turret  
  155  17:55  Missile Turret  
  155  17:56  Marine  
  156  17:59  Raven  
  156  18:02  Raven  
  160  18:07  Marine  
  160  18:09  Marine, Refinery  
  160  18:11  Marine x2  
  164  18:14  Marine  
  164  18:17  Marine  
  166  18:20  Marine  
  166  18:21  Marine x2  
  166  18:26  Marine  
  170  18:29  Marine  
  170  18:31  Raven x2  
  170  18:33  Medivac x2  
  170  18:34  Medivac x2, Marine  
  179  18:37  SCV  
  175  18:43  Marine x2  
  175  18:44  Marine x2  
  179  18:52  Marine  
  179  18:53  Missile Turret  
  179  18:54  Marine, Missile Turret  
  179  18:55  Missile Turret  
  181  18:59  Marine  
  181  19:18  Marine  
  181  19:19  Marine  
  181  19:21  Marine x2  
  181  19:23  Marine  
  184  19:24  Marine  
  184  19:26  Viking x2  
  184  19:29  Marine  
  183  19:32  Siege Tank  
  183  19:35  Marine  
  183  19:37  Marine  
  181  19:42  Marine, SCV  
  181  19:43  SCV  
  181  19:44  SCV  
  181  19:45  Marine x2  
  184  19:48  SCV  
  184  19:51  Marine x2  
  160  20:00  Marine x2  
  121  20:07  Marine x2  
  121  20:08  Siege Tank, Marine  
  110  20:15  Marine  
  109  20:23  Marine  
  109  20:24  Raven x2, Marine  
  109  20:28  Marine  
  114  20:30  Marine  
  114  20:33  Marine x2  
  114  20:35  Marine  
  118  20:37  Marine  
  118  20:42  Raven  
  122  20:43  Marine  
  122  20:48  Marine  
  122  20:49  Marine  
  125  20:52  Marine x4  
  125  20:56  Planetary Fortress  
  128  20:58  SCV  
  128  20:59  SCV x2  
  128  21:01  Marine  
  128  21:02  Marine  
  133  21:06  Marine  
  133  21:08  Raven x2  
  133  21:09  Marine  
  139  21:14  Marine x2  
  139  21:18  Marine x2  
  143  21:20  Marine  
  143  21:21  Marine x2  
  143  21:23  Viking  
  144  21:34  Marine  
  144  21:39  Marine x3  
  138  21:41  Marine x5  
  138  21:44  Raven x2  
  148  21:51  Raven  
  148  21:52  Marine  
  151  21:58  Marine  
  151  22:00  Marine x3  
  155  22:07  Marine x3  
  158  22:09  Marine  
  158  22:12  Marine, Orbital Command  
  160  22:16  Marine  
  160  22:17  Orbital Command  
  160  22:18  Marine  
  162  22:24  Marine  
  162  22:31  Marine  
  162  22:35  Marine  
  161  22:39  Marine  
  161  22:42  Marine  
  163  22:45  Marine  
  164  22:56  Marine  
  142  23:01  Marine  
Show
View Real Time Build Order
Export as new Build Order

Maru Terran - Winner!

Build Orders: Reaper Expand 

Get SALT Encoding   

  12  0:00  SCV  
  13  0:12  SCV  
  14  0:17  Supply Depot  
  14  0:24  SCV  
  15  0:38  SCV  
  15  0:39  Barracks  
  16  0:43  Refinery  
  16  0:50  SCV  
  17  1:03  SCV  
  18  1:15  SCV  
  19  1:27  Orbital Command  
  19  1:28  Reaper  
  20  1:52  Command Center  
  20  1:53  SCV  
  21  1:56  Supply Depot  
  21  2:00  Marine  
  22  2:04  Factory  
  23  2:08  SCV  
  23  2:15  Refinery  
  23  2:17  Marine  
  24  2:23  Bunker  
  24  2:25  SCV  
  25  2:37  SCV  
  25  2:38  Marine  
  27  2:48  Hellion  
  27  2:49  Starport  
  27  2:50  SCV  
  30  2:57  Marine  
  29  3:02  SCV  
  29  3:07  Orbital Command  
  29  3:15  SCV, Barracks Reactor  
  30  3:25  Factory Tech Lab  
  30  3:27  SCV  
  31  3:29  Starport Tech Lab  
  31  3:33  SCV  
  32  3:39  SCV  
  33  3:46  Raven, SCV  
  33  3:48  Refinery  
  36  3:51  SCV  
  36  3:53  Marine x2  
  39  3:58  SCV  
  39  4:02  Siege Tank, Supply Depot  
  43  4:03  SCV  
  44  4:10  SCV  
  44  4:15  SCV  
  46  4:17  Command Center  
  46  4:23  Refinery  
  47  4:24  SCV  
  47  4:27  SCV  
  47  4:29  Raven  
  49  4:36  SCV  
  49  4:37  Marine x2  
  52  4:39  SCV  
  53  4:48  Supply Depot, SCV  
  54  4:54  Supply Depot  
  54  5:03  Barracks  
  54  5:04  Barracks  
  54  5:07  SCV  
  54  5:10  Siege Tank, SCV  
  58  5:19  Marine, SCV  
  58  5:20  Stimpack  
  60  5:22  SCV  
  60  5:23  Viking x2  
  65  5:30  Orbital Command  
  65  5:31  SCV  
  65  5:34  SCV  
  67  5:40  Engineering Bay x2  
  67  5:43  Siege Tank, SCV  
  67  5:47  Marine  
  67  5:49  Orbital Command  
  70  5:52  Barracks Reactor x2  
  70  5:54  Viking  
  72  5:57  SCV  
  72  6:01  SCV  
  74  6:05  Supply Depot  
  74  6:07  Terran Infantry Armor Level 1  
  74  6:09  SCV  
  75  6:14  SCV  
  75  6:16  Siege Tank  
  79  6:19  SCV  
  79  6:21  Supply Depot, SCV  
  81  6:26  SCV  
  81  6:30  Marine x5  
  81  6:31  SCV  
  88  6:33  SCV  
  88  6:36  Supply Depot x2  
  88  6:37  Viking  
  88  6:39  Viking  
  93  6:43  SCV x2  
  93  6:46  Missile Turret  
  95  6:47  Marine  
  95  6:49  Siege Tank  
  95  6:51  SCV  
  100  6:58  Sensor Tower  
  100  6:59  Combat Shield, SCV x2  
  102  7:04  SCV  
  102  7:05  Marine x2  
  102  7:08  Marine x3  
  107  7:11  SCV x2  
  108  7:16  SCV  
  106  7:23  SCV x2  
  106  7:25  Engineering Bay  
  106  7:28  SCV  
  106  7:29  Siege Tank  
  109  7:30  Marine  
  109  7:31  Medivac x2, Marine  
  109  7:34  Supply Depot  
  109  7:35  Supply Depot, Refinery x2  
  115  7:38  Marine x2  
  117  7:48  Command Center  
  117  7:51  Terran Infantry Weapons Level 1  
  117  7:53  Sensor Tower  
  117  7:55  Armory, Marine x2  
  119  7:59  SCV x3  
  119  8:01  Marine x3  
  125  8:06  Siege Tank  
  125  8:11  SCV x3  
  131  8:13  Marine x2  
  131  8:18  Barracks  
  131  8:19  Barracks  
  133  8:25  Supply Depot  
  133  8:26  Supply Depot  
  133  8:35  Supply Depot x2  
  133  8:36  Supply Depot  
  133  8:40  Factory  
  133  8:45  Supply Depot, Barracks Reactor  
  133  8:46  Siege Tank, Marine x2, SCV x3  
  133  8:48  Marine x2  
  143  8:49  Terran Vehicle Weapons Level 1  
  143  8:53  Viking x2, Supply Depot  
  147  8:57  Terran Infantry Armor Level 2  
  147  8:58  SCV  
  148  9:04  Marine  
  148  9:05  Marine, SCV x2  
  148  9:06  Liberator x2  
  148  9:08  Barracks Reactor  
  148  9:09  Barracks Reactor  
  152  9:10  SCV  
  147  9:17  SCV  
  147  9:18  SCV  
  147  9:23  SCV  
  156  9:25  Siege Tank  
  156  9:29  SCV  
  160  9:32  Marine x5  
  164  9:42  Siege Tank  
  167  9:46  Command Center  
  167  9:47  Terran Infantry Weapons Level 2  
  167  9:58  Marine x2  
  169  10:03  Starport  
  169  10:04  Starport, Command Center  
  169  10:13  Marine x2  
  171  10:19  Viking x2  
  175  10:30  Marine  
  175  10:32  Marine x3  
  174  10:39  Planetary Fortress  
  174  10:49  Viking  
  170  10:52  Marine x5  
  170  10:53  Viking  
  170  10:55  Siege Tank, Marine x4  
  155  11:02  Marine  
  152  11:09  SCV x3  
  152  11:10  Marine  
  156  11:12  Starport Tech Lab x2  
  156  11:13  Siege Tank  
  156  11:14  Marine  
  156  11:15  Marine  
  156  11:18  Orbital Command x2  
  161  11:20  Sensor Tower  
  161  11:21  SCV  
  162  11:25  Marine  
  162  11:26  Marine x3  
  162  11:27  Terran Infantry Armor Level 3  
  162  11:30  Refinery  
  162  11:32  Refinery  
  166  11:37  Marine  
  166  11:38  Marine  
  171  11:40  Siege Tank  
  171  11:47  Raven x2  
  171  11:48  Marine x5  
  171  11:54  Supply Depot  
  180  11:56  Command Center  
  180  11:57  Marine x2  
  182  12:03  Corvid Reactor  
  182  12:06  Terran Vehicle And Ship Armor Level 1  
  182  12:08  Armory  
  182  12:09  Marine x3  
  182  12:13  Terran Infantry Weapons Level 3  
  182  12:15  Marine x4  
  185  12:16  Marine x2  
  191  12:24  Orbital Command  
  191  12:36  Viking  
  191  12:37  Viking  
  195  12:40  Raven x2  
  199  12:51  Sensor Tower  
  199  12:55  Fusion Core, Terran Ship Weapons Level 1  
  199  13:03  Marine, Refinery x2  
  200  13:13  Starport  
  200  13:14  Starport  
  200  13:15  Starport  
  200  13:22  Missile Turret x2  
  200  13:23  Missile Turret x2  
  197  13:41  Orbital Command  
  197  13:42  Command Center  
  197  13:46  Weapon Refit  
  197  13:52  Command Center  
  197  13:53  Starport Tech Lab x2, Starport Reactor  
  197  13:59  Viking  
  199  14:07  Terran Vehicle And Ship Armor Level 2  
  194  14:56  Battlecruiser  
  194  14:57  Battlecruiser  
  191  15:19  Siege Tank x2  
  184  15:32  Marine x3  
  184  15:33  Viking  
  189  15:41  Orbital Command  
  170  15:51  Siege Tank, Starport  
  170  15:52  Viking  
  170  15:53  Marine, Starport  
  170  15:54  Siege Tank, Marine x7, Starport  
  170  15:55  Planetary Fortress  
  170  15:56  Starport  
  179  16:00  Battlecruiser  
  179  16:02  Battlecruiser  
  179  16:03  Viking  
  193  16:09  Missile Turret  
  193  16:21  Refinery x2, Missile Turret  
  193  16:22  Missile Turret  
  193  16:23  Siege Tank  
  193  16:25  Hi-Sec Auto Tracking, Neosteel Armor  
  196  16:26  Siege Tank  
  191  16:42  Viking  
  165  16:50  Starport Tech Lab x2  
  165  16:53  Marine  
  165  16:54  Marine x5  
  146  16:57  Starport Tech Lab  
  146  16:58  Starport Tech Lab  
  145  17:02  Terran Vehicle And Ship Armor Level 3, Terran Ship Weapons Level 2  
  145  17:04  Battlecruiser  
  145  17:06  Battlecruiser  
  145  17:07  Marine x4  
  167  17:11  Marine  
  167  17:12  Marine  
  163  17:16  Viking x2  
  163  17:17  Battlecruiser x2  
  163  17:18  Battlecruiser  
  163  17:19  Marine x4  
  189  17:25  Marine x2  
  191  17:33  Viking  
  193  17:43  Command Center  
  193  17:46  Viking  
  195  17:54  Command Center  
  195  18:03  Raven  
  197  18:10  Raven  
  197  18:20  Marine x2  
  197  18:21  Raven  
  200  18:37  Command Center  
  200  18:42  Raven  
  200  18:43  Raven x2  
  200  18:45  Raven  
  200  18:48  Marine x4  
  197  18:50  Orbital Command  
  200  18:56  Command Center  
  200  18:57  Command Center  
  198  19:03  Raven  
  198  19:05  Raven  
  197  19:11  Marine x3  
  200  19:20  Terran Ship Weapons Level 3  
  198  19:35  Raven  
  195  19:46  Marine x5  
  195  19:51  Orbital Command  
  200  19:59  Marine  
  175  20:01  Marine x3  
  175  20:02  Marine  
  175  20:04  Marine x2  
  147  20:09  Marine  
  147  20:10  Marine  
  147  20:11  Marine, Battlecruiser x3  
  154  20:17  Marine  
  154  20:18  Marine  
  140  20:22  Marine  
  140  20:23  Raven x3  
  140  20:24  Marine  
  140  20:25  Medivac x2  
  140  20:26  Planetary Fortress  
  150  20:29  Orbital Command x2  
  150  20:30  SCV x5  
  155  20:40  Marine x8  
  155  20:41  Missile Turret  
  163  20:47  Marine x2  
  165  20:58  Marine x3  
  165  21:01  Viking x2  
  172  21:04  Marine  
  172  21:05  Raven  
  172  21:06  Raven x2  
  179  21:15  Raven x3  
  183  21:38  Marine x2  
  183  21:39  Marine x3  
  182  21:40  Siege Tank x2  
  182  21:42  Viking, Marine  
  182  21:43  Marine x2  
  182  21:46  Marine  
  194  21:48  Raven x2  
  197  21:57  Marine x2  
  187  22:09  Raven x2, Viking x2  
  187  22:10  Marine x5  
  187  22:12  Refinery  
  187  22:13  Refinery  
  200  22:57  Marine  
  200  22:58  Marine x9  
Tags
 
Add a new tag
Caveats
  • Supply blocks, unpowered buildings, or Contaminate may cause inaccurate times.
  • Supply counts are checked every 10 seconds.